 Dungeon Crawl Stone Soup version 0.20-a0-876-g2c7b0bf (webtiles) character file.

128 polly the Skirmisher (level 4, 0/52 HPs)
             Began as a Demonspawn Fighter on Mar 16, 2017.
             Succumbed to a gnoll's poison
             ... on level 3 of the Dungeon.
             The game lasted 00:02:23 (2548 turns).

polly the Skirmisher (Demonspawn Fighter)           Turns: 2548, Time: 00:02:24

Health: 0/52       AC: 22    Str: 19    XL:     4   Next: 86%
Magic:  4/4        EV:  2    Int: 16    God:
Gold:   114        SH:  9    Dex: 13    Spells: 3/3 levels left

rFire    . . .     SeeInvis .     - Unarmed
rCold    . . .     Gourm    .   (armour currently unavailable)
rNeg     + + +     Faith    .   b - +0 shield
rPois    +         Spirit   .   (helmet currently unavailable)
rElec    .         Reflect  .   (cloak currently unavailable)
rCorr    .         Harm     .   (gloves currently unavailable)
MR       .....     NoTele   +   (boots currently unavailable)
Stlth    +.........             (no amulet)
Regen    0.2/turn               (no ring)
MPRegen  0.1/turn               (no ring)

@: brilliant, lethally poisoned (0 -> -6), tree-form
A: blurry vision 1, clever 1, (fire resistance 0), powered by pain 1, strong 1,
flame cloud immunity
a: no special abilities


You were on level 3 of the Dungeon.
You were hungry.
You were a tree.
You visited 1 branch of the dungeon, and saw 3 of its levels.

You collected 114 gold pieces.

Inventory:

Armour
 a - a +0 scale mail (melded)
 b - a +0 shield (worn)
 k - a +0 helmet of intelligence (melded)
Scrolls
 e - a scroll of enchant armour {unknown}
 g - a scroll of fear {unknown}
 l - a scroll of identify {unknown}
 m - a scroll of blinking {unknown}
 q - a scroll of enchant weapon {unknown}
Comestibles
 d - 2 bread rations
 r - 2 chunks of flesh
 s - a meat ration


   Skills:
 + Level 3.4 Fighting
 + Level 3.3 Armour
 + Level 1.0 Dodging
 + Level 0.2 Stealth
 + Level 3.2 Shields
 + Level 3.1 Unarmed Combat


You had 3 spell levels left.
You didn't know any spells.

Dungeon Overview and Level Annotations

Branches:
Dungeon (3/15)

Altars:
Cheibriados
Gozag
Hepliaklqana
Qazlal
Sif Muna
Trog
Uskayaw


Innate Abilities, Weirdness & Mutations

((Your flesh is heat resistant. (rF+)))
You sometimes gain a little power by taking damage.
You are immune to clouds of flame.
Scrolls take you a little longer to read.
Your mind is acute. (Int +2)
Your muscles are strong. (Str +2)


Message History

It was a potion of lignification.
You turn into a tree.
Your +0 helmet of intelligence melds into your body.
Your +0 scale mail melds into your body.
You feel stupid.
Your roots penetrate the ground.
* * * LOW HITPOINT WARNING * * *
You feel sick. You block the gnoll's attack.
It was a potion of mutation.
You feel extremely strange.
You feel stronger.
Your vision blurs.
You feel clever.
* * * LOW HITPOINT WARNING * * *
You feel sick. The gnoll barely misses you.
It was a potion of brilliance.
You feel clever all of a sudden. The gnoll hits you but does no damage.
You hit the gnoll.
You kill the gnoll!
* * * LOW HITPOINT WARNING * * *
You feel sick.
You barely miss the gnoll.
You die...

#.# #. . #.# #. #. #.# #.
##'# #.# #. ##...# #.# #.
#.....# ####.# #.
.......## ##.##.# ####.
........####.....#####....
.......rg♣................
........####..<#######.#.#
.......## ##.## #.#.#
#.....# #.# #.#.# ##...#
#.# #.#.# ##'# #.# #....
#. #.# ###.# # #.# #.# #.#
#.#


You could see a gnoll and a rat.

Vanquished Creatures
  Jessica (D:3)
  5 gnolls
  An ooze (D:2)
  2 leopard geckos
  3 giant cockroaches
  7 goblins
  4 hobgoblins
  8 jackals (D:2)
  4 kobolds
  A quokka (D:3)
  5 bats
  A frilled lizard (D:2)
  6 rats
48 creatures vanquished.

Notes
Turn   | Place    | Note
-------+----------+-------------------------------------------
     0 | D:1      | polly the Demonspawn Fighter began the quest for the Orb.
     0 | D:1      | Reached XP level 1. HP: 18/18 MP: 1/1
   239 | D:1      | Gained mutation: You sometimes gain a little power by taking damage. [demonic ancestry]
   239 | D:1      | Reached XP level 2. HP: 16/24 MP: 2/2
   834 | D:1      | Found a bloodstained altar of Trog.
   900 | D:2      | Gained mutation: Your flesh is heat resistant. (rF+) [demonic ancestry]
   900 | D:2      | Reached XP level 3. HP: 29/29 MP: 3/3
  1120 | D:2      | Found a hide-covered altar of Uskayaw.
  1120 | D:2      | Found a hazy altar of Hepliaklqana.
  1334 | D:2      | Found a deep blue altar of Sif Muna.
  2184 | D:3      | Found a stormy altar of Qazlal.
  2188 | D:3      | Found a snail-covered altar of Cheibriados.
  2279 | D:3      | Noticed Jessica
  2295 | D:3      | Killed Jessica
  2295 | D:3      | Reached skill level 1 in Dodging
  2295 | D:3      | Gained mutation: You are immune to clouds of flame. [demonic ancestry]
  2295 | D:3      | Reached XP level 4. HP: 30/35 MP: 4/4
  2298 | D:3      | Found an opulent altar of Gozag.
  2544 | D:3      | HP: 2/52 [poisoned by a gnoll]
  2545 | D:3      | Gained mutation: Your muscles are strong. (Str +2) [potion of mutation]
  2545 | D:3      | Gained mutation: Scrolls take you a little longer to read. [potion of mutation]
  2545 | D:3      | Gained mutation: Your mind is acute. (Int +2) [potion of mutation]
  2548 | D:3      | Succumbed to a gnoll's poison

Vault maps used:
D:1:      dpeg_arrival_lava_altar, item_on_display_a
D:2:      lemuel_coloured_pillars_altar, gammafunk_temple_overflow_elements,
          first_bread
D:3:      minmay_diamond_boxcup, chequers_temple_overflow_statue_of_worship,
          lemuel_round_altar, goddamned_bats, uniq_jessica

Skill      XL: |  1  2  3  4 |
---------------+-------------+-----
Armour         | 3 |  3.3
Shields        | 3 |  3.2
Unarmed Combat | 2 3 |  3.1
Dodging        | 1 |  1.0
Fighting       | |  3.4
Stealth        | |  0.2

Action                   |  1- 3 |  4- 6 || total
-------------------------+-------+-------++-------
Melee: Unarmed           |   263 |    34 ||   297
  Use: Potion            |       |     9 ||     9
  Eat: Chunk             |     4 |     1 ||     5
Armor: Scale mail        |   136 |    11 ||   147
       Skin              |       |     1 ||     1
Dodge: Dodged            |    96 |     9 ||   105
Block: Shield            |   129 |    25 ||   154
